AoeStats
← El Fantasma de Pancho Villa

Arena

508079269Analyzed
4v4 RM · 11d ago on Sep 20, 2026· 32m 55s· 8 players
Game mode
Random Map
Map size
Large (8 player)
Population
200
Speed
Normal
Resources
Standard
Victory
Conquest
Starting age
Dark Age
Ending age
Imperial Age
RankedLock teamsTeams togetherTeam positionsShared explorationLock speedFull tech treeHidden civsTurbo modeCheats
Victory
Defeat
🇦🇷 Koreans · Argentina
1230
+13
🇬🇧 Vikings · United Kingdom
1228
+13
🇨🇱 Burgundians · Chile
1195
+15
🇪🇸 Celts · Spain
1178
+15
🇺🇸 Huns · United States
1191
-15
🇲🇽 Dravidians · Mexico
1189
-15
🇺🇸 Cumans · United States
1146
-13
🇲🇽 Persians · Mexico
1140
-13
kneehao
10:26 Feudal Age
16:04 Castle Age
14:09 Double-Bit Axe
14:05 Horse Collar
17:11 Fletching
17:11 Town Watch
22:09 Bloodlines
24:28 Husbandry
26:30 Thumb Ring
26:44 Bodkin Arrow
27:56 Padded Archer Armor
29:31 Gold Mining
33:05 Imperial Age
30:45 Light Cavalry
31:23 Loom
32:14 Wheelbarrow
32:27 Ballistics
32:55 Leather Archer Armor
33:00 Scale Barding Armor
J_Dav
11:46 Feudal Age
16:39 Castle Age
16:59 Loom
18:15 Gold Mining
18:28 Fletching
28:51 Bodkin Arrow
Boywars
9:59 Feudal Age
11:45 Loom
14:15 Castle Age
12:43 Horse Collar
13:39 Double-Bit Axe
24:08 Crossbowman
31:08 Fletching
El Fantasma de Pancho Villa
xpellicer1992
10:19 Feudal Age
14:30 Castle Age
12:42 Loom
13:13 Stone Mining
13:35 Horse Collar
32:12 Double-Bit Axe
AK47 WildHunter
11:03 Feudal Age
12:09 Double-Bit Axe
12:06 Horse Collar
16:12 Castle Age
17:19 Bow Saw
23:01 Loom
24:33 Gold Mining
24:42 Stone Mining
26:17 Heavy Plow
27:45 Gold Shaft Mining
30:53 Imperial Age
28:53 Forging
28:44 Scale Mail Armor
28:54 Caravan
30:25 Fortified Wall
30:57 Iron Casting
30:37 Chain Mail Armor
31:30 Chieftains
32:43 Conscription
32:58 Gambesons
33:14 Squires
32:59 Arson
Mortiz
6:59 Double-Bit Axe
6:59 Horse Collar
10:20 Feudal Age
15:16 Castle Age
14:28 Bow Saw
15:03 Heavy Plow
18:49 Two-Man Saw
22:27 Wheelbarrow
23:16 Gold Mining
23:16 Stone Mining
25:33 Crop Rotation
28:56 Imperial Age
27:07 Gold Shaft Mining
27:33 Scale Barding Armor
27:39 Forging
28:11 Hand Cart
28:20 Hand Cart
27:50 Loom
27:51 Town Watch
28:35 Chain Barding Armor
30:32 Plate Barding Armor
29:44 Cavalier
31:12 Conscription
31:00 Burgundian Vineyards
31:10 Forging
31:19 Husbandry
32:18 Stone Shaft Mining
32:01 Town Patrol
32:40 Iron Casting
31:29 Paladin
31:57 Light Cavalry
el maldito asfalto
11:00 Feudal Age
14:47 Castle Age
14:33 Forging
14:25 Scale Mail Armor
25:32 Arson
Connection lost

Rejoining the realm…

Still unreachable

The connection could not be restored.

Session expired

The server has moved on; the page needs a fresh start.